 Dungeon Crawl Stone Soup version 0.28.0-49-g6dfe1f597d (webtiles) character file.

Game seed: 8598662810294914726

29986 Kaptain the Geomancer (level 13, -5/126 HPs)
             Began as a Gargoyle Earth Elementalist on May 12, 2022.
             Slain by a komodo dragon (21 damage)
             ... on level 4 of the Lair of Beasts.
             The game lasted 00:35:43 (21609 turns).

Kaptain the Geomancer (GrEE)                       Turns: 21609, Time: 00:35:45

Health: -5/126     AC: 30    Str: 13    XL:     13   Next: 48%
Magic:  27/27      EV:  2    Int: 20    God:
Gold:   219        SH:  0    Dex: 10    Spells: 22/32 levels left

rFire   . . .      SeeInvis +   y - +1 trident (protect)
rCold   . . .      Faith    .   (no shield)
rNeg    + . .      Spirit   .   (armour currently unavailable)
rPois   ∞          Reflect  .   (helmet currently unavailable)
rElec   .          Harm     .   (cloak currently unavailable)
rCorr   .          Rampage  .   (gloves currently unavailable)
Will    .....      NoTele   +   (boots currently unavailable)
Stlth   ++........              (no amulet)
HPRegen 0.31/turn               t - +4 ring of protection
MPRegen 0.20/turn               O - ring of see invisible

@: tree-form, weak-willed
A: stationary, stasis, torment immunity, boosted hp, sickness immunity, AC +9,
negative energy resistance 1, (electricity resistance), torment resistance 1,
petrification resistance
a: no special abilities


You were on level 4 of the Lair of Beasts.
You were a tree.
You visited 3 branches of the dungeon, and saw 17 of its levels.

You collected 555 gold pieces.
You spent 336 gold pieces at shops.

Inventory:

Hand Weapons
 d - a +2 dagger of freezing
 p - a +0 hunting sling
 y - a +1 trident of protection (weapon)
 R - a +1 short sword of draining
Missiles
 b - 63 sling bullets
 c - 39 stones
 s - 3 throwing nets
Armour
 e - a +2 pair of gloves (melded)
 x - a +1 leather armour
 F - a +2 robe of cold resistance (melded)
 T - a +0 helmet (melded)
Magical Staves
 G - a staff of cold
 J - a staff of death
Jewellery
 f - a ring of positive energy
 t - a +4 ring of protection (left branch)
 w - a ring of positive energy
 A - a +6 ring of strength
 O - a ring of see invisible (right branch)
Wands
 m - a wand of paralysis (5)
 u - a wand of digging (7)
 B - a wand of acid (9)
 L - a wand of charming (4)
 Q - a wand of flame (17)
Scrolls
 a - 3 scrolls of immolation
 j - a scroll of magic mapping
 k - 3 scrolls of teleportation
 n - 7 scrolls of identify
 o - 2 scrolls of silence
 q - a scroll of amnesia
 D - a scroll of acquirement
 H - a scroll of fear
 K - a scroll of summoning
Potions
 g - 2 potions of lignification
 l - 2 potions of ambrosia {unknown}
 r - 2 potions of mutation {unknown}
 v - a potion of invisibility {unknown}
 z - a potion of attraction {unknown}
 C - a potion of brilliance {unknown}
 E - a potion of cancellation {unknown}
 M - 2 potions of magic {unknown}
 U - a potion of haste {unknown}
Miscellaneous
 N - a tin of tremorstones (2/2)


   Skills:
 * Level 11.5 Fighting
 + Level 8.0 Armour
 - Level 4.0 Dodging
 - Level 2.1 Stealth
 * Level 10.0 Spellcasting
 * Level 11.5 Conjurations
 - Level 0.7 Transmutations
 * Level 13.1 Earth Magic


You had 22 spell levels left.
You knew the following spells:

 Your Spells              Type           Power      Damage    Failure   Level
a - Sandblast             Erth           100%       2d20      1%          1
b - Stone Arrow           Conj/Erth      100%       3d13      1%          3
c - Iron Shot             Conj/Erth      28%        9d6       7%          6

Your spell library contained the following spells:

 Spells                   Type           Power      Damage    Failure   Level
 Passwall                 Tmut/Erth      30%        N/A       1%          2
 Dazzling Flash           Conj/Hex       66%        N/A       1%          3
 Iskenderun's Battlesphe  Conj           54%        2d10      1%          5
 Petrify                  Tmut/Erth      37%        N/A       4%          4
 Iskenderun's Mystic Bla  Conj/Tloc      33%        2d8       6%          4
 Wereblood                Tmut           12%        N/A       8%          2
 Blink                    Tloc           20%        N/A       11%         2
 Fireball                 Conj/Fire      16%        3d8       19%         5
 Gell's Gravitas          Tloc           10%        N/A       21%         3
 Teleport Other           Tloc           10%        N/A       21%         3
 Orb of Destruction       Conj           27%        9d9       45%         7
 Passage of Golubria      Tloc           10%        N/A       56%         4
 Conjure Ball Lightning   Conj/Air       16%        3x3d6     69%         6
 Starburst                Conj/Fire      16%        6d6       69%         6
 Manifold Assault         Tloc           10%        N/A       88%         5
 Silence                  Hex/Air        5%         N/A       88%         5
 Lehudib's Crystal Spear  Conj/Erth      28%        10d7      96%         8
 Dispersal                Tloc           5%         N/A       100%        6
 Storm Form               Tmut/Air       5%         N/A       100%        7
 Summon Hydra             Summ           5%         N/A       100%        7
 Sublimation of Blood     Necr           Unusable   N/A       N/A         2
 Statue Form              Tmut/Erth      Unusable   N/A       N/A         6

Dungeon Overview and Level Annotations

Branches:
Dungeon (10/15)            Temple (1/1) D:7            Lair (6/6) D:10
 Shoals (0/4) Lair:2       Spider (0/4) Lair:3        Slime (0/5) Lair:6
    Orc: D:9-12

Altars:
Ashenzari
Dithmenos
Elyvilon
Fedhas
Gozag
Hepliaklqana
Kikubaaqudgha
Makhleb
Nemelex Xobeh
Okawaru
Qazlal
Ru
Sif Muna
Trog
Uskayaw
Vehumet
Wu Jian
Xom
Yredelemnul
Zin
The Shining One
Jiyva

Shops:
D:6 **   D:9 *

Portals:
Trove: D:10 (give +3 fire dragon scales)

Annotations:
D:8 1 runed translucent door, NEEDEDCRAB's ghost, novice FoFi


Innate Abilities, Weirdness & Mutations

You are a tree.
Your roots penetrate the ground, keeping you stationary.
You cannot be teleported.
You are immune to unholy pain and torment.
Your maximum health is greatly increased.
Your equipment is partially melded.
You are immune to sickness and miasma.
((Your stone body is resilient. (AC +9)))
You are immune to poison.
You resist negative energy. (rN+)
((You are resistant to electric shocks. (rElec)))
You are resistant to unholy torment.
You are immune to petrification.


Message History

The elephant trunk-slaps you but does no damage.
The water moccasin bites you but does no damage.
The komodo dragon barely misses you. The elephant barely misses you.
The elephant completely misses you.
As you read the scroll labelled YKEXTI DOFAI, it crumbles to dust.
Wisps of shadow whirl around you...
It was a scroll of summoning.
The elephant tramples you but does no damage.
The elephant trunk-slaps you but does no damage.
The water moccasin bites you but does no damage.
The komodo dragon bites you!
* * * LOW HITPOINT WARNING * * *
The elephant tramples you but does no damage.
The elephant trunk-slaps you but does no damage.
As you read the scroll labelled YLON CUNUVEORR, it crumbles to dust.
It is a scroll of enchant weapon.
Really abort (and waste the scroll)? [Y]es or [N]o only, please.
Really abort (and waste the scroll)? [Y]es or [N]o only, please.
Really abort (and waste the scroll)? [Y]es or [N]o only, please.
Really abort (and waste the scroll)?
Your +0 trident of protection glows red for a moment.
The water moccasin bites you but does no damage.
The elephant tramples you.
* * * LOW HITPOINT WARNING * * *
The elephant trunk-slaps you but does no damage.
Your wyvern bites the yak!
The komodo dragon bites you but does no damage.
The elephant tramples you but does no damage.
The elephant trunk-slaps you but does no damage.
The water moccasin bites you but does no damage.
You feel better.
Your wyvern bites the yak but does no damage.
The elephant tramples you.
* * * LOW HITPOINT WARNING * * *
The elephant trunk-slaps you but does no damage.
The water moccasin bites you but does no damage.
The komodo dragon bites you!!
You die...

#.#.P##....### #
#............## ...
#......^...#..+.....
#..........+........
#.......!...###.....
#......>....# .+##
#.....lYYYY## .#
#.....YYlYF# .#
#.#...##S♣### .
###....Y### #...#.+#
##P.... ##.....
#...... #.....##
#.....+ #......


You could see 5 elephants, a komodo dragon (weak-willed), 3 yaks, a water
moccasin (weak-willed), a bullfrog (weak-willed) and a friendly wyvern
(summoned).

Vanquished Creatures
  Fannar (D:10)
  4 hydras
  2 two-headed ogres
  Sonja (Lair:2)
  An elephant (D:10)
  Joseph (D:7)
  5 black mambas
  7 cane toads
  4 komodo dragons
  2 hornets
  12 blink frogs
  3 shadows
  Grum (D:10)
  5 basilisks
  4 wyverns
  54 yaks
  A steam dragon (D:7)
  A redback (Lair:3)
  An acid dragon (D:9)
  7 water moccasins
  An orc warrior (D:10)
  A sky beast (D:6)
  3 ice beasts
  5 black bears
  A necrophage (D:8)
  A hornet zombie (D:8)
  2 ogres (D:5)
  10 centaurs
  21 wolves
  7 kobold brigands
  3 wyvern zombies
  13 bullfrogs
  2 scorpions
  A wyvern skeleton (D:5)
  A water moccasin skeleton (D:6)
  5 killer bees (D:9)
  3 electric eels (Lair:3)
  A wight (D:8)
  2 howler monkeys (D:6)
  A bullfrog zombie (D:5)
  3 centaur zombies (D:10)
  A jelly (D:5)
  4 orc priests
  4 hounds
  A bullfrog skeleton (D:6)
  2 iguanas
  2 orc wizards
  Natasha (D:3)
  2 howler monkey zombies
  6 gnolls
  4 adders
  2 white imps
  2 adder skeletons (D:4)
  3 worms
  A dart slug (D:4)
  25 orcs
  6 endoplasms
  4 giant cockroaches
  2 goblins
  6 hobgoblins
  4 jackals
  35 kobolds
  2 quokkas
  7 ball pythons
  6 bats
  5 frilled lizards
  13 rats
354 creatures vanquished.

Vanquished Creatures (others)
  20 fungi
  68 plants
88 creatures vanquished.

Grand Total: 442 creatures vanquished

Notes
Turn   | Place    | Note
-------+----------+-------------------------------------------
     0 | D:1      | Kaptain the Gargoyle Earth Elementalist began the quest for
                  | the Orb.
     0 | D:1      | Reached XP level 1. HP: 10/10 MP: 3/3
   216 | D:1      | Reached XP level 2. HP: 16/16 MP: 3/5
   946 | D:1      | Reached skill level 1 in Fighting
  1076 | D:2      | Reached skill level 1 in Conjurations
  1076 | D:2      | Reached XP level 3. HP: 20/20 MP: 4/6
  1571 | D:2      | Reached skill level 4 in Earth Magic
  1744 | D:2      | Reached XP level 4. HP: 25/25 MP: 5/7
  2301 | D:3      | Reached skill level 1 in Armour
  2521 | D:3      | Reached XP level 5. HP: 24/30 MP: 3/9
  2629 | D:3      | Noticed Natasha
  2645 | D:3      | Killed Natasha
  2707 | D:3      | Noticed a +0 spear
  2707 | D:3      | Noticed a +0 dagger
  2708 | D:3      | Noticed a +0 short sword
  2709 | D:3      | Noticed a +0 short sword
  2709 | D:3      | Noticed a +0 dagger
  2709 | D:3      | Noticed a +0 falchion
  2710 | D:3      | Noticed a +0 falchion
  2712 | D:3      | Noticed a +0 spear
  3215 | D:3      | Found a hide-covered altar of Uskayaw.
  3629 | D:4      | Noticed a kobold brigand
  3645 | D:4      | Killed a kobold brigand
  3646 | D:4      | Reached skill level 5 in Earth Magic
  3646 | D:4      | Reached XP level 6. HP: 19/36 MP: 3/10
  4754 | D:5      | Entered Level 5 of the Dungeon
  4858 | D:5      | Reached XP level 7. HP: 41/41 MP: 9/12
  5173 | D:4      | Learned a level 3 spell: Stone Arrow
  5776 | D:5      | Reached skill level 6 in Earth Magic
  5776 | D:5      | Reached XP level 8. HP: 39/48 MP: 3/14
  6339 | D:6      | Found Bahedyoc's Lightly-Used Armoury.
  7177 | D:6      | Reached skill level 5 in Conjurations
  7250 | D:6      | Reached skill level 5 in Fighting
  7386 | D:6      | Found Jefiar's Elemental Accessories.
  7463 | D:6      | Reached skill level 7 in Earth Magic
  7463 | D:6      | Reached XP level 9. HP: 54/54 MP: 9/16
  7717 | D:6      | Found a glowing golden altar of the Shining One.
  7726 | D:6      | Found a shadowy altar of Dithmenos.
  7760 | D:7      | Noticed Joseph
  7870 | D:7      | Killed Joseph
  7871 | D:7      | Reached skill level 5 in Spellcasting
  8484 | D:7      | Found a staircase to the Ecumenical Temple.
  8593 | Temple   | Entered the Ecumenical Temple
  9312 | D:8      | Reached skill level 8 in Earth Magic
  9430 | D:8      | Noticed a hornet
  9475 | D:7      | Killed a hornet
  9771 | D:8      | Noticed a two-headed ogre
  9780 | D:8      | Reached XP level 10. HP: 61/61 MP: 11/18
  9795 | D:7      | Killed a two-headed ogre
 10680 | D:8      | Found a runed translucent door.
 10681 | D:8      | Noticed NEEDEDCRAB's ghost (novice FoFi)
 10681 | D:8      | Noticed a fire crab
 10910 | D:9      | Noticed a two-headed ogre
 10919 | D:9      | Killed a two-headed ogre
 10920 | D:9      | Reached skill level 9 in Earth Magic
 11109 | D:9      | Found Zic Usafus's General Store.
 11119 | D:9      | Reached skill level 5 in Armour
 11799 | D:9      | Reached XP level 11. HP: 65/68 MP: 14/21
 12236 | D:10     | Entered Level 10 of the Dungeon
 12252 | D:10     | Reached skill level 10 in Earth Magic
 12530 | D:10     | Found a portal to a secret trove of treasure.
 12819 | D:10     | Noticed Grum
 12826 | D:10     | Killed Grum
 12926 | D:10     | Found a hazy altar of Hepliaklqana.
 12986 | D:10     | Noticed Fannar
 12996 | D:10     | Killed Fannar
 13182 | D:10     | Found an opulent altar of Gozag.
 13544 | D:10     | Found a staircase to the Lair.
 13851 | D:10     | Found a shimmering altar of Xom.
 13897 | D:10     | Found a blossoming altar of Fedhas.
 13899 | D:10     | Found a white marble altar of Elyvilon.
 13920 | Lair:1   | Entered Level 1 of the Lair of Beasts
 14558 | Lair:1   | Reached skill level 11 in Earth Magic
 14905 | Lair:1   | Reached XP level 12. HP: 36/76 MP: 4/24
 15942 | D:6      | Bought Tatydaoc's Reference Book on Earth for 336 gold
                  | pieces
 15949 | D:6      | Learned a level 6 spell: Iron Shot
 16220 | Lair:2   | Noticed a five-headed hydra
 16224 | Lair:2   | Killed a five-headed hydra
 16439 | Lair:2   | Reached skill level 10 in Fighting
 16442 | Lair:2   | Reached skill level 10 in Conjurations
 17191 | Lair:2   | Noticed Sonja
 17196 | Lair:2   | Killed Sonja
 17197 | Lair:2   | Reached skill level 12 in Earth Magic
 17376 | Lair:2   | Found a staircase to the Shoals.
 18170 | Lair:3   | Found a hole to the Spider Nest.
 19057 | Lair:3   | Reached XP level 13. HP: 84/84 MP: 19/26
 20089 | Lair:4   | You fall into a shaft and drop 2 floors!
 20089 | Lair:6   | Entered Level 6 of the Lair of Beasts
 20901 | Lair:6   | Reached skill level 13 in Earth Magic
 20949 | Lair:6   | Found a staircase to the Slime Pits.
 20950 | Lair:6   | Found a viscous altar of Jiyva.
 21442 | Lair:6   | Reached skill level 10 in Spellcasting
 21606 | Lair:4   | Identified a scroll of acquirement
 21609 | Lair:4   | Slain by a komodo dragon

Illustrated notes

Levels and vault maps discovered:
D:1:      amcnicky_arrival_single_pillar, layout_loops_cross,
          kennysheep_small_spiral
D:2:      layout_basic
D:3:      layout_loops_cross, nicolae_uskayaw_en_pointe, uniq_natasha
D:4:      layout_gridville
D:5:      layout_loops_ring, minmay_door_square, kennysheep_generic_room_3
D:6:      layout_cave_pools, mainiacjoe_overflow_swirl,
          cheibrodos_sewer_entry_drain, minmay_shop_damaged,
          nicolae_elemental_shop
D:7:      layout_basic, minmay_temple_entry_nine_rooms, uniq_joseph
D:8:      layout_basic, ebering_ghost_inner_flame
D:9:      layout_rooms, serial_shops, shop, feat_on_display
D:10:     layout_basic, old_standard_altar, nicolae_overflow_hidden_temple,
          david_lair_generic, serial_glass, glass_columns_b, glass_columns_b,
          enter_trove_1, uniq_fannar, uniq_grum
Temple:   dshaligram_water_room_temple
Lair:1:   layout_long_grid, lemuel_fruit_fields, infiniplex_staircase_pool_2
Lair:2:   layout_cave_shapes, minmay_shoals_entry_centaurs,
          serial_bayou_shore_a, uniq_gastronok, uniq_sonja
Lair:3:   layout_layer_cave, spider_nest_entry_webs, disabler_island
Lair:4:   layout_roguey, minivault_25
Lair:5:   layout_loops_ring, beast_lair_carwin_10
Lair:6:   hangedman_lair_in_review, layout_cave_pods, guppyfry_lair_end_dragon,
          slime_altar_1, uniq_urug

Skill      XL: |  1  2  3  4  5  6  7  8  9 10 11 12 13 |
---------------+----------------------------------------+-----
Fighting       | 1 2 3 5 6 8 9 10 11 | 11.5
Conjurations   | 1 2 3 5 6 8 9 10 11 | 11.5
Earth Magic    | 4 5 6 7 8 9 11 12 13 | 13.1
Dodging        | 2 3 4 |  4.0
Armour         | 1 2 3 4 5 6 7 8 |  8.0
Spellcasting   | 3 4 5 7 8 9 10 | 10.0
Stealth        | |  2.1
Transmutations | |  0.7

Action                   |  1- 3 |  4- 6 |  7- 9 | 10-12 | 13-15 || total
-------------------------+-------+-------+-------+-------+-------++-------
Melee: Dagger            |    45 |    54 |       |       |       ||    99
       Trident           |       |       |    13 |   110 |    17 ||   140
       Punch             |       |       |       |     3 |     1 ||     4
 Cast: Sandblast         |    36 |    90 |    44 |   141 |    32 ||   343
       Stone Arrow       |       |       |   103 |   251 |    89 ||   443
  Use: Scroll            |       |       |    10 |       |     8 ||    18
       Potion            |       |       |     1 |     2 |     5 ||     8
 Stab: Sleeping          |     3 |       |       |       |       ||     3
Armor: Robe              |    12 |    29 |       |   178 |    79 ||   298
       Leather armour    |       |     3 |    69 |    67 |       ||   139
       Skin              |       |       |       |       |    28 ||    28
Dodge: Dodged            |    38 |    45 |    64 |   278 |    88 ||   513
